 Dungeon Crawl Stone Soup version 0.31-a0-214-gb37851dbb3 (webtiles) character file.

Game seed: 5440854835557928840

2688 qw the Cleaver (level 9, -5/55 HPs)
             Began as a Gargoyle Fighter on July 1, 2023.
             Was a Follower of Okawaru.
             Killed by the air
             ... invoked by Gastronok
              (13 damage)
             ... on level 8 of the Dungeon.
             The game lasted 00:03:21 (6760 turns).

qw the Cleaver (Gargoyle Fighter)                   Turns: 6760, Time: 00:03:22

Health: -5/55      AC: 19    Str: 25    XL:     9   Next: 64%
Magic:  12/12      EV: 10    Int:  8    God:    Okawaru [*.....]
Gold:   428        SH:  6    Dex:  9    Spells: 8/8 levels left

rFire   . . .        Y - +0 war axe (venom)
rCold   . . .        c - +0 buckler
rNeg    + . .        o - +0 chain mail
rPois   inf          (no helmet)
rElec   +            (no cloak)
rCorr   .            (no gloves)
SInv    .            l - +0 pair of boots
Will    .....        (no amulet) Stlth
                     (no ring)
HPRegen 0.29/turn    (no ring)
MPRegen 0.13/turn

%: no passive effects
@: about to teleport, heroic, flying
A: sickness immunity, AC +6, negative energy resistance 1, electricity
resistance, torment resistance 1, petrification resistance, big wings, sense
surroundings 1
a: Renounce Religion, Heroism


You were on level 8 of the Dungeon.
You worshipped Okawaru.
Okawaru was aware of your devotion.
You visited 2 branches of the dungeon, and saw 9 of its levels.

You collected 428 gold pieces.


Innate Abilities, Weirdness & Mutations

You are immune to sickness and miasma.
Your stone body is resilient. (AC +6)
You are immune to poison.
You resist negative energy. (rN+)
You are resistant to electric shocks. (rElec)
You are resistant to unholy torment.
You are immune to petrification.
Your large and strong wings let you fly.
You passively map a small area around you.


   Skills:
 + Level 6.2(11.2) Fighting
 - Level 9.1(14.1) Axes
 - Level 1.6(6.6) Throwing
 - Level 4.2(9.2) Armour
 - Level 1.7(6.7) Dodging
 - Level 5.4(10.4) Shields
 - Level 4.0 Invocations


You had 8 spell levels left.
You didn't know any spells.
Your spell library was empty.

Inventory:

Hand Weapons
 e - a +0 flail
 Y - a +0 war axe of venom (weapon)
Missiles
 h - a silver boomerang (quivered)
Armour
 c - a +0 buckler (worn)
 l - a +0 pair of boots (worn)
 o - a +0 chain mail (worn)
Jewellery
 j - a ring of fire
Scrolls
 a - 2 scrolls of teleportation
 k - 5 scrolls of identify
Potions
 b - a potion of resistance {unknown}
 d - 2 potions of might
 f - 2 potions of enlightenment
 g - 5 potions of mutation
 i - 2 potions of curing
 m - a potion of lignification

Dungeon Overview and Level Annotations

Branches:
Dungeon (8/15)             Temple (1/1) D:6
   Lair: D:8-11

Altars:
Ashenzari
Fedhas
Gozag
Hepliaklqana
Okawaru
Ru
Uskayaw
Vehumet
Wu Jian
Yredelemnul
The Shining One

Portals:
Abyss: D:7

Annotations:
D:7 2 transporters, qw's ghost, novice GrFi
D:8 Gastronok


Message History

Enter note:
Enter note: You slash Gastronok!
Gastronok looks as sick as possible!
Gastronok is lightly wounded.
You slash Gastronok!
Gastronok looks as sick as possible!
Gastronok is lightly wounded.
Gastronok waves his eye-stalks in wide circles.
The air twists around and strikes you!!!
Ouch! That really hurt!
You completely miss Gastronok.
Gastronok is lightly wounded.
You hit Gastronok but do no damage.
Gastronok is lightly wounded.
Gastronok gurgles, "Are you a wizard?
Wizards taste nice..."
Gastronok casts a spell.
Gastronok puts on a burst of speed!
You barely miss Gastronok.
Gastronok is lightly wounded.
You slash Gastronok!
Gastronok looks as sick as possible!
Gastronok is moderately wounded.
You hit Gastronok but do no damage.
Gastronok looks as sick as possible!
Gastronok is moderately wounded.
Gastronok casts a spell.
You hit Gastronok but do no damage.
Gastronok looks as sick as possible!
Gastronok is moderately wounded.
You hit the bat.
You kill the bat!
The bat's corpse disappears in a puff of smoke!
You hit Gastronok but do no damage.
Gastronok looks as sick as possible!
Gastronok is moderately wounded.
Gastronok bites you!
6759 ||| READING 3 scrolls of teleportation.
As you read the scroll of teleportation, it crumbles to dust.
You feel strangely unstable.
You slice Gastronok!!
Gastronok looks as sick as possible!
Gastronok is heavily wounded.
Gastronok makes a strange noise.
Gastronok waves his eye-stalks in wide circles.
The air twists around and strikes you!
You die...

##.....###.....## ,,
##.....}.....##.. #
#8....)....8#*.#.# ##
###.......### .#.###
#######. ##.....##
*#...... ........
##...## *.....
........ #8...8# *rr.
, ,..####.
##...#####w# * 8..#*
#. #...##..@.#, #..#
##. ##...##.ยค..# #..#
##.. #8...8#....#.#
##..###..#
###...##....#.#
#8..##....
#..)..........#
#..#...##
#######.......##
#..#.###
#.........####....#
#..<........#}..######
#>........#.##........


You could see Gastronok (swift, extremely poisoned), a quokka (summoned) and a
rat (summoned).

Vanquished Creatures
  Joseph (D:8)
  A steam dragon (D:8)
  A sky beast (D:6)
  3 ice beasts
  A black bear (D:4)
  3 ogres
  A centaur (D:5)
  2 kobold brigands (D:7)
  A bullfrog (D:8)
  3 scorpions (D:6)
  8 wights
  2 howler monkeys (D:8)
  A jelly (D:8)
  An orc priest (D:6)
  4 hounds
  Jessica (D:2)
  An iguana (D:5)
  A sleepcap (D:5)
  3 orc wizards
  6 adders
  A shadow imp (D:7)
  A white imp (D:6)
  2 ufetubi
  3 worms
  3 dart slugs
  23 orcs
  8 endoplasms
  6 giant cockroaches
  6 goblins
  10 hobgoblins
  4 jackals
  15 kobolds
  3 quokkas (D:1)
  7 ball pythons
  3 bats
  2 frilled lizards
  6 rats
148 creatures vanquished.

Notes
Turn   | Place    | Note
-------+----------+-------------------------------------------
     0 | D:1      | qw the Gargoyle Fighter began the quest for the Orb.
     0 | D:1      | Reached XP level 1. HP: 14/14 MP: 1/1
     0 | D:1      | 0 ||| qw: Version: 0.3-a-32-g5962c71
     0 | D:1      | 0 ||| qw: Game counter: 7384
     0 | D:1      | 0 ||| qw: Melee chars always use a shield: true
     0 | D:1      | 0 ||| qw: God list: Okawaru
     0 | D:1      | 0 ||| qw: Allow faded altars: false
     0 | D:1      | 0 ||| qw: Do Orc after clearing Dungeon:15 true
     0 | D:1      | 0 ||| qw: Do second Lair branch before Depths: true
     0 | D:1      | 0 ||| qw: Lair rune preference: random
     0 | D:1      | 0 ||| qw: Goals: Normal, Zot:1-4, Slime:5, God:TSO, Crypt,
                  | Tomb, Abyss, Pan, Hells, Win
     0 | D:1      | 0 ||| PLANNING D:1-11
    62 | D:1      | Reached skill level 2 in Axes
   116 | D:1      | Reached XP level 2. HP: 19/19 MP: 2/2
   171 | D:1      | 171 ||| Stepping ~*~*~tactically~*~*~ (stealth).
   407 | D:1      | Reached skill level 3 in Axes
   411 | D:1      | Reached XP level 3. HP: 23/23 MP: 3/3
   450 | D:1      | 450 ||| DROPPING +0 whip.
   732 | D:1      | 732 ||| READING scroll labelled UMIUGE KYSS.
   733 | D:1      | 733 ||| READING scroll labelled ENEILENYAB.
   734 | D:1      | 734 ||| READING scroll labelled LIASIU JEMERGH.
   735 | D:1      | 735 ||| READING scroll labelled AHOUKU CUPOMEG.
   738 | D:1      | 738 ||| READING scroll labelled TEVVUH RYCVIUMOMA.
   739 | D:1      | 739 ||| DRINKING 2 emerald potions.
   903 | D:2      | Noticed Jessica
   905 | D:2      | 905 ||| Stepping ~*~*~tactically~*~*~ (hiding).
   908 | D:2      | 908 ||| Stepping ~*~*~tactically~*~*~ (hiding).
   916 | D:2      | Killed Jessica
   917 | D:2      | Reached XP level 4. HP: 22/28 MP: 4/4
   944 | D:2      | 944 ||| DROPPING +0 whip of electrocution.
   946 | D:2      | 946 ||| Stepping ~*~*~tactically~*~*~ (stealth).
   969 | D:2      | Reached skill level 4 in Axes
  1155 | D:2      | 1155 ||| Stepping ~*~*~tactically~*~*~ (stealth).
  1156 | D:2      | 1156 ||| Stepping ~*~*~tactically~*~*~ (stealth).
  1434 | D:2      | 1434 ||| READING scroll labelled ZOEXOWEFIT.
  1435 | D:2      | 1435 ||| DRINKING 4 sapphire potions.
  1435 | D:2      | Gained mutation: Your large and strong wings let you fly.
                  | [potion of mutation]
  1435 | D:2      | Gained mutation: You passively map a small area around you.
                  | [potion of mutation]
  1436 | D:2      | 1436 ||| DRINKING 2 inky potions.
  1470 | D:3      | Found a faded altar of an unknown god.
  1483 | D:3      | 1483 ||| Stepping ~*~*~tactically~*~*~ (stealth).
  1497 | D:3      | 1497 ||| Stepping ~*~*~tactically~*~*~ (hiding).
  1744 | D:3      | 1744 ||| Stepping ~*~*~tactically~*~*~ (stealth).
  1752 | D:3      | Reached XP level 5. HP: 25/32 MP: 5/5
  2057 | D:3      | 2057 ||| Stepping ~*~*~tactically~*~*~ (hiding).
  2058 | D:3      | 2058 ||| Stepping ~*~*~tactically~*~*~ (hiding).
  2312 | D:3      | 2312 ||| READING scroll labelled WIRHUKHL TOSARPH.
  2369 | D:4      | 2369 ||| Stepping ~*~*~tactically~*~*~ (hiding).
  2378 | D:4      | Reached skill level 5 in Axes
  2958 | D:4      | Noticed a black bear
  2967 | D:4      | Killed a black bear
  2968 | D:4      | Reached XP level 6. HP: 37/40 MP: 6/6
  3007 | D:4      | 3007 ||| READING scroll labelled UPNUT BIBIETEE.
  3008 | D:4      | 3008 ||| READING 4 scrolls of identify.
  3008 | D:4      | 3008 ||| IDENTIFYING grey potion
  3031 | D:5      | Entered Level 5 of the Dungeon
  3032 | D:5      | 3032 ||| PLANNING SEWER
  3039 | D:5      | 3039 ||| STAIRDANCE
  3072 | D:5      | 3072 ||| Stepping ~*~*~tactically~*~*~ (hiding).
  3073 | D:5      | 3073 ||| Stepping ~*~*~tactically~*~*~ (hiding).
  3074 | D:5      | 3074 ||| Stepping ~*~*~tactically~*~*~ (hiding).
  3086 | D:5      | Reached skill level 1 in Dodging
  3246 | D:5      | 3246 ||| Stepping ~*~*~tactically~*~*~ (stealth).
  3249 | D:5      | 3249 ||| Stepping ~*~*~tactically~*~*~ (stealth).
  3379 | D:5      | Reached XP level 7. HP: 29/44 MP: 7/7
  3577 | D:5      | Reached skill level 6 in Axes
  3626 | D:5      | 3626 ||| RIP SEWER
  3638 | D:5      | 3638 ||| PLANNING D:1-11
  3731 | D:5      | 3731 ||| Stepping ~*~*~tactically~*~*~ (stealth).
  3735 | D:5      | 3735 ||| UPGRADING to +0 pair of boots.
  3740 | D:5      | 3740 ||| READING scroll labelled FYC TACWOMETYA.
  3741 | D:5      | 3741 ||| READING 4 scrolls of identify.
  3741 | D:5      | 3741 ||| IDENTIFYING sedimented clear potion
  3742 | D:5      | 3742 ||| READING 3 scrolls of identify.
  3742 | D:5      | 3742 ||| IDENTIFYING white potion
  3743 | D:5      | 3743 ||| DROPPING potion of degeneration.
  3744 | D:5      | 3744 ||| DROPPING potion of invisibility.
  4005 | D:6      | Found a staircase to the Ecumenical Temple.
  4006 | D:6      | 4006 ||| PLANNING TEMPLE
  4008 | D:6      | 4008 ||| Stepping ~*~*~tactically~*~*~ (stealth).
  4009 | D:6      | 4009 ||| Stepping ~*~*~tactically~*~*~ (stealth).
  4010 | D:6      | 4010 ||| Stepping ~*~*~tactically~*~*~ (stealth).
  4024 | D:6      | Reached skill level 7 in Axes
  4024 | D:6      | Reached XP level 8. HP: 44/48 MP: 8/8
  4039 | Temple   | Entered the Ecumenical Temple
  4040 | Temple   | 4040 ||| PLANNING OKAWARU WORSHIP
  4082 | Temple   | Became a worshipper of Warmaster Okawaru
  4083 | Temple   | 4083 ||| PLANNING D:1-11
  4571 | D:6      | HP: 11/49 [orc priest/nerve-wracking pain (6)]
  4572 | D:6      | Reached skill level 8 in Axes
  4572 | D:6      | 4572 ||| READING 3 scrolls of teleportation.
  4572 | D:6      | HP: 1/49 [orc priest/+0 trident (7)]
  4573 | D:6      | 4573 ||| DRINKING potion of heal wounds.
  4797 | D:6      | Reached skill level 1 in Throwing
  4922 | D:6      | HP: 11/50 [orc priest/divine providence (12)]
  4923 | D:6      | 4923 ||| READING 2 scrolls of teleportation.
  5112 | D:6      | 5112 ||| UPGRADING to +0 chain mail.
  5122 | D:6      | 5122 ||| DROPPING +0 scale mail.
  5123 | D:6      | 5123 ||| READING scroll labelled KEURHYE MINI.
  5124 | D:6      | 5124 ||| READING 4 scrolls of identify.
  5124 | D:6      | 5124 ||| IDENTIFYING glowing amethyst potion
  5159 | D:7      | 5159 ||| STAIRDANCE
  5162 | D:6      | Reached * piety under Okawaru
  5166 | D:6      | Reached skill level 6 in Fighting
  5166 | D:6      | Reached skill level 1 in Invocations
  5270 | D:7      | 5270 ||| Stepping ~*~*~tactically~*~*~ (stealth).
  5272 | D:7      | 5272 ||| Stepping ~*~*~tactically~*~*~ (hiding).
  5320 | D:7      | 5320 ||| Stepping ~*~*~tactically~*~*~ (hiding).
  5422 | D:7      | 5422 ||| Stepping ~*~*~tactically~*~*~ (hiding).
  5535 | D:7      | 5535 ||| Stepping ~*~*~tactically~*~*~ (hiding).
  5536 | D:7      | 5536 ||| Stepping ~*~*~tactically~*~*~ (hiding).
  5537 | D:7      | 5537 ||| Stepping ~*~*~tactically~*~*~ (hiding).
  5564 | D:7      | Reached XP level 9. HP: 43/55 MP: 9/11
  5635 | D:7      | Found a one-way gate to the infinite horrors of the Abyss.
  5635 | D:7      | Noticed qw's ghost (novice GrFi)
  5642 | D:7      | 5642 ||| Stepping ~*~*~tactically~*~*~ (hiding).
  5651 | D:7      | Reached skill level 3 in Invocations
  5706 | D:7      | Found a transporter.
  5712 | D:7      | Found a transporter.
  5966 | D:7      | 5966 ||| INVOKING Heroism.
  6200 | D:7      | 6200 ||| READING scroll labelled MEILEN ZUNACK.
  6241 | D:8      | 6241 ||| INVOKING Heroism.
  6249 | D:8      | Reached skill level 9 in Axes
  6398 | D:8      | 6398 ||| INVOKING Heroism.
  6419 | D:8      | Noticed Joseph
  6420 | D:8      | 6420 ||| Stepping ~*~*~tactically~*~*~ (hiding).
  6430 | D:8      | 6430 ||| INVOKING Heroism.
  6432 | D:8      | HP: 6/55 [Joseph/+2 spectral quarterstaff (13)]
  6433 | D:8      | 6433 ||| READING 4 scrolls of teleportation.
  6434 | D:8      | Killed Joseph
  6514 | D:8      | 6514 ||| INVOKING Heroism.
  6741 | D:8      | Noticed Gastronok
  6742 | D:8      | 6742 ||| INVOKING Heroism.
  6744 | D:8      | 6744 ||| Stepping ~*~*~tactically~*~*~ (hiding).
  6758 | D:8      | HP: 8/55 [Gastronok (8)]
  6759 | D:8      | 6759 ||| READING 3 scrolls of teleportation.
  6760 | D:8      | Killed from afar by Gastronok

Levels and vault maps discovered:
D:1:      giann_forest_graveyard, layout_basic, minmay_close_crescents
D:2:      layout_rooms, reono_crystal_passage, uniq_jessica
D:3:      layout_basic, basic_ecumenical_altar, minmay_curled_crystal
D:4:      layout_basic
D:5:      layout_cave_pools, portal_sewer_entry_d
D:6:      layout_loops_ring, minmay_temple_entry_grid
D:7:      layout_loops_ring, gammafunk_ghost_abyssal_escape
D:8:      layout_rooms, nicolae_overflows_in_rows, serial_corexii_hall,
          corexii_hall_statues_t, chequers_hall_statues_y,
          corexii_hall_statues_deadend, chequers_hall_statues_wall_a,
          uniq_gastronok, uniq_joseph
Temple:   hellmonk_temple_of_storms

Skill      XL: |  1  2  3  4  5  6  7  8  9 |
---------------+----------------------------+-----
Axes           | 2 3 4 5 7 8 9 |  9.1
Fighting       | 4 6 |  6.2
Dodging        | 1 |  1.7
Throwing       | 1 |  1.6
Invocations    | 2 4 |  4.0
Armour         | 4 |  4.2
Shields        | 5 |  5.4

Action                     |  1- 3 |  4- 6 |  7- 9 || total
---------------------------+-------+-------+-------++-------
  Melee: War axe           |    88 |   180 |   272 ||   540
  Throw: Boomerang         |       |     7 |    31 ||    38
 Invoke: Heroism           |       |       |     6 ||     6
    Use: Scroll            |     5 |     4 |    10 ||    19
         Potion            |     1 |     2 |     1 ||     4
 Armour: Scale mail        |    34 |    85 |    53 ||   172
         Chain mail        |       |       |    84 ||    84
  Dodge: Dodged            |    42 |    74 |   103 ||   219
  Block: Buckler           |    12 |    40 |    42 ||    94

Table legend:
 A = Non-vault XP
 B = Vault XP
 C = Vault XP percentage of total XP
 D = Non-vault monster count
 E = Vault monster count
 F = Vault count percentage of total count
                 A         B        C        D         E       F
            +---------+---------+-------+---------+---------+-------
      Total |    3296 |     545 |  14.2 |     141 |       7 |   4.7
            +---------+---------+-------+---------+---------+-------
        D:1 |      28 |       8 |  22.2 |      18 |       4 |  18.2
        D:2 |      56 |      37 |  39.8 |      22 |       1 |   4.3
        D:3 |      56 |       0 |   0.0 |      18 |       0 |   0.0
        D:4 |     220 |       0 |   0.0 |      20 |       0 |   0.0
        D:5 |     462 |      14 |   2.9 |      13 |       1 |   7.1
        D:6 |    1231 |       0 |   0.0 |      18 |       0 |   0.0
        D:7 |     673 |       0 |   0.0 |      25 |       0 |   0.0
        D:8 |     570 |     486 |  46.0 |       7 |       1 |  12.5
            +---------+---------+-------+---------+---------+-------
